 Dungeon Crawl Stone Soup version 0.31-a0-233-g139696dc86 (webtiles) character file.

Game seed: 3392290353172468771

189 qw the Shooter (level 5, -2/45 HPs)
             Began as a Minotaur Hexslinger on July 7, 2023.
             Slain by a river rat (4 damage)
             ... on level 3 of the Dungeon.
             The game lasted 00:00:49 (2720 turns).

qw the Shooter (Minotaur Hexslinger)                Turns: 2720, Time: 00:00:50

Health: -2/45      AC:  5    Str: 13    XL:     5   Next: 40%
Magic:  5/5        EV: 11    Int: 10    God:
Gold:   206        SH:  5    Dex: 14    Spells: 5/6 levels left

rFire   . . .        e - +2 sling (heavy)
rCold   . . .        (no shield)
rNeg    . . .        h - +0 ring mail
rPois   .            (helmet restricted)
rElec   .            (no cloak)
rCorr   +            (no gloves)
SInv    .            (no boots)
Will    .....        d - amulet of reflection
Stlth   +            g - ring of resist corrosion
HPRegen 0.27/turn    (no ring)
MPRegen 0.09/turn

%: reflection
@: no status effects
A: horns 2, retaliatory headbutt
a: no special abilities


You were on level 3 of the Dungeon.
You visited 1 branch of the dungeon, and saw 3 of its levels.

You collected 228 gold pieces.
You spent 22 gold pieces at shops.


Innate Abilities, Weirdness & Mutations

You have a pair of horns on your head.
You reflexively headbutt those who attack you in melee.


   Skills:
 - Level 3.0 Fighting
 + Level 5.5 Ranged Weapons
 - Level 1.0 Armour
 - Level 2.1 Dodging
 - Level 1.0 Spellcasting
 - Level 2.0 Hexes


You had 5 spell levels left.
You knew the following spells:

 Your Spells              Type           Power      Damage    Failure   Level
a - Slow                  Hex            16%        N/A       32%         1

Your spell library contained the following spells:

 Spells                   Type           Power      Damage    Failure   Level
 Inner Flame              Hex/Fire       2%         N/A       82%         3
 Portal Projectile        Hex/Tloc       4%         N/A       82%         3
 Cause Fear               Hex            2%         N/A       97%         4

Inventory:

Hand Weapons
 e - a +2 heavy sling (weapon)
Armour
 h - a +0 ring mail (worn)
Jewellery
 d - an amulet of reflection (around neck)
 g - a ring of resist corrosion (left hand)
Scrolls
 b - 2 scrolls of identify {unknown}
Potions
 a - a potion of heal wounds {unknown}

Dungeon Overview and Level Annotations

Branches:
Dungeon (3/15)

Altars:

Shops:
D:1 *

Annotations:
D:2 1 runed translucent door, Crazy Yiuf


Message History

You shoot a sling bullet.
The sling bullet barely misses the river rat.
The sling bullet hits the river rat!
You kill the river rat!
You block the river rat's attack. x2
Your Fighting skill increases to level 3!
You shoot a sling bullet.
The sling bullet hits the river rat but does no damage.
The river rat bites you but does no damage.
You block the river rat's attack. The river rat bites you.
The river rat closely misses you.
You shoot a sling bullet.
The sling bullet closely misses the river rat.
The sling bullet hits the river rat.
The river rat is moderately wounded.
You block the river rat's attack. x2; The river rat closely misses you.
The river rat bites you.
You shoot a sling bullet. The sling bullet hits the river rat.
The river rat is moderately wounded.
The river rat closely misses you. You furiously retaliate!
You headbutt the river rat!
You kill the river rat!
The river rat misses you. The river rat closely misses you.
You block the river rat's attack.
You shoot a sling bullet. The sling bullet hits the river rat.
The river rat is heavily wounded.
You block the river rat's attack. The river rat barely misses you.
The river rat bites you. x2
You shoot a sling bullet.
The sling bullet closely misses the river rat.
The river rat bites you but does no damage.
The river rat bites you. The river rat barely misses you.
The river rat bites you.
You shoot a sling bullet. The sling bullet hits the river rat!
You kill the river rat!
The river rat bites you but does no damage.
You shoot a sling bullet.
The sling bullet barely misses the river rat.
The river rat bites you.
You die...

#...# #...#
#...# #...#
#...########
#..........#
##########.###
#...########
###.@.......
###r...$..
....~~~
#..~~~~ ..~~##
.~~~+ ..~#
~~~#


You could see a river rat.

Vanquished Creatures
  An orc priest (D:3)
  Terence (D:2)
  An orc wizard (D:3)
  Robin (D:2)
  3 river rats (D:3)
  An adder (D:2)
  3 worms
  2 dart slugs (D:1)
  An orc (D:3)
  4 ball pythons
  4 bats
  2 endoplasms (D:3)
  3 giant cockroaches
  11 goblins
  5 hobgoblins (D:2)
  4 jackals (D:3)
  3 quokkas
  A frilled lizard (D:3)
  3 kobolds
  2 rats
56 creatures vanquished.

Notes
Turn   | Place    | Note
-------+----------+-------------------------------------------
     0 | D:1      | qw the Minotaur Hexslinger began the quest for the Orb.
     0 | D:1      | Reached XP level 1. HP: 16/16 MP: 1/1
     0 | D:1      | 0 ||| qw: Version: 0.3-a-46-gb1f654a
     0 | D:1      | 0 ||| qw: Game counter: 3235
     0 | D:1      | 0 ||| qw: Melee chars always use a shield: true
     0 | D:1      | 0 ||| qw: God list: Okawaru
     0 | D:1      | 0 ||| qw: Allow faded altars: false
     0 | D:1      | 0 ||| qw: Do Orc after clearing Dungeon:15 true
     0 | D:1      | 0 ||| qw: Do second Lair branch before Depths: true
     0 | D:1      | 0 ||| qw: Lair rune preference: random
     0 | D:1      | 0 ||| qw: Goals: Normal
     0 | D:1      | 0 ||| PLANNING D:1-11
    88 | D:1      | Found Xubooschyepi's Assorted Antiques.
   101 | D:1      | 101 ||| SHOPLISTING bone wand (100 gold, have 24).
   101 | D:1      | 101 ||| SHOPLISTING leather armour (50 gold, have 24).
   101 | D:1      | 101 ||| BUYING metallic red potion (22 gold).
   101 | D:1      | Bought a metallic red potion for 22 gold pieces
   101 | D:1      | 101 ||| SHOPLISTING scroll labelled ESEUNL ELOL (25 gold,
                  | have 2).
   101 | D:1      | 101 ||| SHOPLISTING scroll labelled HEROZEC ECLYT (25 gold,
                  | have 2).
   101 | D:1      | 101 ||| SHOPLISTING scroll labelled UTZOIMNUSU (25 gold,
                  | have 2).
   101 | D:1      | 101 ||| SHOPLISTING scroll labelled XIBONA KASIEPA (25
                  | gold, have 2).
   158 | D:1      | Reached skill level 3 in Ranged Weapons
   158 | D:1      | Reached XP level 2. HP: 23/23 MP: 2/2
   640 | D:1      | 640 ||| UPGRADING to +0 ring mail.
   650 | D:1      | 650 ||| DROPPING +0 robe.
   651 | D:1      | 651 ||| READING scroll labelled IPSUYNOTIH.
   652 | D:1      | 652 ||| READING scroll labelled TUSHREKHIKI.
   653 | D:1      | 653 ||| READING scroll labelled HEROZEC ECLYT.
   654 | D:1      | 654 ||| READING scroll labelled XIBONA KASIEPA.
   655 | D:1      | 655 ||| DROPPING scroll of poison.
   690 | D:2      | Found a runed translucent door.
   691 | D:2      | Noticed Crazy Yiuf
   854 | D:2      | Reached XP level 3. HP: 29/29 MP: 3/3
   858 | D:2      | Noticed Terence
   865 | D:2      | Killed Terence
   866 | D:2      | Reached skill level 4 in Ranged Weapons
  1099 | D:2      | Noticed Robin
  1100 | D:2      | 1100 ||| Stepping ~*~*~tactically~*~*~ (outnumbered).
  1109 | D:2      | Reached skill level 1 in Armour
  1114 | D:2      | Reached XP level 4. HP: 33/36 MP: 4/4
  1121 | D:2      | Killed Robin
  1876 | D:2      | 1876 ||| UPGRADING to amulet of reflection.
  1881 | D:2      | 1881 ||| UPGRADING to ring of resist corrosion.
  1882 | D:2      | 1882 ||| READING scroll labelled JIOFOASAH.
  1883 | D:2      | 1883 ||| READING scroll labelled RIATUSI QABBUA.
  1884 | D:2      | 1884 ||| READING scroll labelled NISKICUIV AXZI.
  1885 | D:2      | 1885 ||| DRINKING 2 metallic red potions.
  1886 | D:2      | 1886 ||| DROPPING potion of invisibility.
  1926 | D:3      | 1926 ||| PLANNING SEWER
  1977 | D:3      | Found a faded altar of an unknown god.
  2055 | D:3      | Reached skill level 5 in Ranged Weapons
  2074 | D:3      | Reached XP level 5. HP: 29/42 MP: 5/5
  2492 | D:3      | 2492 ||| RIP SEWER
  2512 | D:3      | 2512 ||| PLANNING D:1-11
  2714 | D:3      | Reached skill level 3 in Fighting
  2717 | D:3      | HP: 8/45 [river rat (4)]
  2718 | D:3      | HP: 1/45 [river rat (5)]
  2720 | D:3      | Slain by a river rat

Levels and vault maps discovered:
D:1:      minmay_arrival_glassed_features, layout_loops_ring, serial_shops,
          shop_statue
D:2:      layout_loops_corners, corner_web_ring, roderic_lattice_a, uniq_robin,
          uniq_terence, uniq_crazy_yiuf_cottage
D:3:      layout_basic, chequers_ecumenical_altar_simple, portal_sewer_entry_e,
          grunt_ministairs_3

Skill      XL: |  1  2  3  4  5 |
---------------+----------------+-----
Ranged Weapons | 3 4 5 |  5.5
Fighting       | 2 3 |  3.0
Armour         | 1 |  1.0
Dodging        | |  2.1
Spellcasting   | |  1.0
Hexes          | |  2.0

Action                     |  1- 3 |  4- 6 || total
---------------------------+-------+-------++-------
   Fire: Sling             |    79 |    98 ||   177
    Use: Scroll            |     4 |     3 ||     7
         Potion            |       |     1 ||     1
 Armour: Ring mail         |     9 |    36 ||    45
         Robe              |     1 |       ||     1
  Dodge: Dodged            |    28 |    39 ||    67
  Block: Other             |       |    15 ||    15
         Reflection        |       |     1 ||     1

Table legend:
 A = Non-vault XP
 B = Vault XP
 C = Vault XP percentage of total XP
 D = Non-vault monster count
 E = Vault monster count
 F = Vault count percentage of total count
                 A         B        C        D         E       F
            +---------+---------+-------+---------+---------+-------
      Total |     154 |     116 |  43.0 |      39 |      17 |  30.4
            +---------+---------+-------+---------+---------+-------
        D:1 |      22 |       0 |   0.0 |      10 |       0 |   0.0
        D:2 |      34 |      71 |  67.6 |      12 |      12 |  50.0
        D:3 |      98 |      45 |  31.5 |      17 |       5 |  22.7
            +---------+---------+-------+---------+---------+-------
